 Dungeon Crawl Stone Soup version 0.31-a0-771-g505c3d19dc (webtiles) character file.

Game seed: 4328193378107321982

2301 brknglss the Cleaver (level 9, 0/79 HPs)
             Began as a Minotaur Fighter on Sept 16, 2023.
             Slain by an ogre
             ... wielding a +0 giant spiked club
              (1 damage)
             ... on level 7 of the Dungeon on Sept 17, 2023.
             The game lasted 00:12:40 (6046 turns).

brknglss the Cleaver (Minotaur Fighter)             Turns: 6046, Time: 00:12:41

Health: 0/79       AC: 17    Str: 25    XL:     9   Next: 17%
Magic:  8/8        EV:  7    Int: 11    God:
Gold:   375        SH:  5    Dex: 10    Spells: 8/8 levels left

rFire   + . .        D - +2 hand axe (heavy)
rCold   . . .        c - +0 buckler
rNeg    . . .        k - +0 plate armour
rPois   .            (helmet restricted)
rElec   .            (no cloak)
rCorr   .            B - +0 pair of gloves
SInv    .            h - +1 pair of boots {Stlth+}
Will    .....        (no amulet) Stlth
                     n - +6 ring of intelligence
HPRegen 0.33/turn    q - ring of protection from fire
MPRegen 0.11/turn

%: no passive effects
@: no status effects
A: horns 2, retaliatory headbutt
a: no special abilities


You were on level 7 of the Dungeon.
You visited 1 branch of the dungeon, and saw 7 of its levels.
You also visited: Sewer.

You collected 375 gold pieces.

Inventory:

Hand Weapons
 a - a +0 war axe
 D - a +2 heavy hand axe (weapon)
Missiles
 y - 8 poisoned darts
Armour
 c - a +0 buckler (worn)
 h - a +1 pair of boots of stealth (worn)
 k - a +0 plate armour (worn)
 B - a +0 pair of gloves (worn)
Jewellery
 n - a +6 ring of intelligence (left hand)
 q - a ring of protection from fire (right hand)
Wands
 b - a wand of mindburst (7)
 p - a wand of flame (23)
 F - a wand of iceblast (6)
Scrolls
 f - a scroll of revelation {unknown}
 j - 5 scrolls of teleportation {unknown}
 m - 5 scrolls of poison {unknown}
 t - 2 scrolls of acquirement {unknown}
 u - a scroll of identify
 w - a scroll of summoning {unknown}
 C - a scroll of immolation {unknown}
 E - a scroll of enchant armour {unknown}
 G - a scroll of vulnerability {unknown}
 H - 2 scrolls of fear {unknown}
 J - a scroll of blinking {unknown}
Potions
 d - 2 potions of might
 e - 2 potions of mutation
 g - 6 potions of curing
 i - 3 potions of haste
 l - a potion of attraction {unknown}
 o - 4 potions of cancellation {unknown}
 r - 2 potions of ambrosia {unknown}
 s - 2 potions of invisibility {unknown}
 v - a potion of berserk rage {unknown}
 x - a potion of experience {unknown}
 z - 2 potions of heal wounds {unknown}
 A - a potion of resistance {unknown}
 I - a potion of lignification {unknown}


   Skills:
 + Level 7.5 Fighting
 * Level 9.5 Axes
 + Level 7.6 Armour
 + Level 7.5 Shields


You had 8 spell levels left.
You didn't know any spells.
Your spell library contained the following spells:

 Spells                   Type           Power      Damage    Failure   Level
 Kiss of Death            Conj/Necr      0%         2d5       99%         1
 Blink                    Tloc           0%         N/A       100%        2
 Cigotuvi's Dreadful Rot  Necr/Pois/Air  0%         N/A       100%        2
 Lesser Beckoning         Tloc           0%         N/A       100%        2
 Momentum Strike          Conj/Tloc      0%         3d8       100%        2
 Confusing Touch          Hex            0%         N/A       100%        3
 Gell's Gravitas          Tloc           0%         N/A       100%        3
 Teleport Other           Tloc           0%         N/A       100%        3
 Dispel Undead            Necr           0%         3d6       100%        4
 Death Channel            Necr           0%         N/A       100%        6
 Malign Gateway           Summ/Tloc      0%         N/A       100%        7
 Summon Horrible Things   Summ           0%         N/A       100%        8


Dungeon Overview and Level Annotations

Branches:
Dungeon (7/15)              Sewer (visited)
 Temple: D:4-7

Altars:
Nemelex Xobeh
Qazlal

Shops:
D:1 !


Innate Abilities, Weirdness & Mutations

You have a pair of horns on your head.
You reflexively headbutt those who attack you in melee.


Message History

You slash the bullfrog! Your headbutt misses the bullfrog.
The bullfrog is severely wounded.
You hear the slow hiss of an avalanche of sand nearby.
The bullfrog hits you but does no damage.
The bullfrog hits you.
You closely miss the bullfrog.
The bullfrog is severely wounded.
The bullfrog barely misses you.
The bullfrog hits you but does no damage.
You closely miss the bullfrog. You headbutt the bullfrog.
The bullfrog is almost dead.
You block the bullfrog's attack.
The bullfrog hits you but does no damage.
You slice the bullfrog!!
You kill the bullfrog!
An ogre comes into view. It is wielding a +0 giant spiked club.
The ogre shouts!
Found a murky sapphire potion.
You block the ogre's attack.
You hit the ogre.
The ogre is lightly wounded.
You block the ogre's attack.
You barely miss the ogre.
You headbutt the ogre, but do no damage.
The ogre is lightly wounded.
The ogre hits you with a +0 giant spiked club!!
You hit the ogre.
The ogre is moderately wounded.
The ogre hits you with a +0 giant spiked club!!
* * * LOW HITPOINT WARNING * * *
You hit the ogre.
The ogre is moderately wounded.
You hit the ogre. You headbutt the ogre.
The ogre is almost dead.
The ogre hits you with a +0 giant spiked club!
* * * LOW HITPOINT WARNING * * *
You hit the ogre.
The ogre is almost dead.
The ogre hits you with a +0 giant spiked club.
You die...

..... .. #..# ....... ..
#.. ....... ..
#....##...........
..##.. ..#...........
....# #>............ ..
...####........#... ...#
#.#[..........##..
.....#@O.........###...
.................##.##..
...............)........
#..............#........
..........#...##........
....#.......###..#......
.!..###..#### ##.##.....
... #..## ..####..# #..
...# ...#


You could see an ogre.

Vanquished Creatures
  Pikel (D:4)
  2 black bears
  A sky beast (D:6)
  An ice beast (D:6)
  An ogre (D:4)
  2 centaurs
  2 kobold brigands (Sewer)
  2 bullfrogs
  3 scorpions
  A water moccasin skeleton (D:5)
  A howler monkey (D:6)
  3 jellies
  A bullfrog skeleton (D:5)
  3 orc priests
  3 iguanas
  Ijyb (D:3)
  8 gnolls (D:4)
  10 adders
  7 river rats
  2 ufetubi
  A worm (D:2)
  The ghost of cforsyth the Sneak, a weakling DjDe (D:5)
  4 dart slugs
  12 orcs
  17 ball pythons
  4 bats
  5 endoplasms
  2 giant cockroaches (D:2)
  7 goblins
  9 hobgoblins
  7 jackals (D:1)
  7 quokkas
  9 frilled lizards
  18 kobolds
  24 rats
182 creatures vanquished.

Vanquished Creatures (others)
  An orc (D:5)
1 creature vanquished.

Grand Total: 183 creatures vanquished

Notes
Turn   | Place    | Note
-------+----------+-------------------------------------------
     0 | D:1      | brknglss the Minotaur Fighter began the quest for the Orb.
     0 | D:1      | Reached XP level 1. HP: 19/19 MP: 0/0
   507 | D:1      | Reached XP level 2. HP: 27/27 MP: 1/1
   653 | D:1      | You fall into a shaft and drop 1 floor!
   687 | D:1      | Found Iceod's Distillery.
   691 | D:1      | Reached skill level 3 in Axes
   837 | D:1      | Reached XP level 3. HP: 33/33 MP: 2/2
  1196 | D:2      | Noticed a scorpion
  1204 | D:2      | Killed a scorpion
  1205 | D:2      | Reached skill level 4 in Axes
  1205 | D:2      | Reached XP level 4. HP: 27/41 MP: 3/3
  1725 | D:3      | Reached XP level 5. HP: 47/47 MP: 4/4
  1982 | D:3      | Found a stormy altar of Qazlal.
  1984 | D:3      | Noticed an air elemental
  1984 | D:3      | Noticed a water elemental
  1985 | D:3      | Noticed a fire elemental
  2136 | D:3      | Noticed Ijyb
  2140 | D:3      | Killed Ijyb
  2590 | D:3      | Reached skill level 5 in Axes
  2791 | D:4      | Found a glowing drain.
  2803 | D:4      | Reached XP level 6. HP: 38/55 MP: 5/5
  2817 | Sewer    | Entered a sewer
  3060 | Sewer    | Reached skill level 5 in Armour
  3063 | Sewer    | Reached skill level 5 in Shields
  3206 | Sewer    | Reached skill level 5 in Fighting
  3358 | Sewer    | Reached skill level 6 in Axes
  3367 | Sewer    | Reached XP level 7. HP: 61/61 MP: 6/6
  3730 | D:4      | Noticed Pikel
  3741 | D:4      | Killed Pikel
  3742 | D:4      | Reached skill level 7 in Axes
  3742 | D:4      | Reached XP level 8. HP: 58/70 MP: 7/7
  4162 | D:4      | Reached skill level 8 in Axes
  4524 | D:5      | Entered Level 5 of the Dungeon
  4820 | D:5      | Found a runed translucent gate.
  4820 | D:5      | Found a runed translucent gate.
  4820 | D:5      | Found a runed translucent gate.
  5122 | D:5      | Noticed cforsyth's ghost (weakling DjDe)
  5141 | D:5      | Killed cforsyth's ghost
  5535 | D:6      | Reached skill level 9 in Axes
  5568 | D:6      | Found a sparkling altar of Nemelex Xobeh.
  5686 | D:6      | Reached XP level 9. HP: 61/79 MP: 8/8
  6045 | D:7      | HP: 1/79 [ogre/+0 giant spiked club (14)]
  6046 | D:7      | Slain by an ogre

Illustrated notes

Levels and vault maps discovered:
D:1:      denvon_arrival_planthouse, layout_loops_corners, serial_shops, shop,
          st_stairs_8, grunt_decor_mini_mirrors
D:2:      layout_rooms, corexii_shack
D:3:      layout_basic, nicolae_qazlal_style_of_elements, uniq_ijyb
D:4:      layout_basic, portal_sewer_entry_b, ebering_dispersal_statue_hall,
          chequers_serial_rivers_small_3, uniq_pikel
D:5:      layout_gridville, gammafunk_ghost_necromancy, nrook_mini_backslash
D:6:      layout_loops_ring, mainiacjoe_overflow_surrounded_room
D:7:      layout_cave_pools, minmay_temple_entry_statues_fountains,
          enter_ossuary_1, uniq_joseph, uniq_duvessa, uniq_menkaure

Skill      XL: |  1  2  3  4  5  6  7  8 |
---------------+-------------------------+-----
Axes           | 3 4 5 6 7 9 |  9.5
Shields        | 4 5 6 7 |  7.5
Fighting       | 4 5 6 7 |  7.5
Armour         | 4 5 6 7 |  7.6

Action                     |  1- 3 |  4- 6 |  7- 9 || total
---------------------------+-------+-------+-------++-------
  Melee: War axe           |    77 |   169 |    69 ||   315
         Headbutt          |     6 |    21 |    28 ||    55
         Hand axe          |       |       |    65 ||    65
    Use: Scroll            |       |     3 |       ||     3
 Armour: Scale mail        |    54 |    10 |       ||    64
         Plate armour      |       |   199 |   138 ||   337
  Dodge: Dodged            |    37 |    57 |    43 ||   137
  Block: Buckler           |    22 |    56 |    34 ||   112

Table legend: (Time is in decaauts)
 A = Elapsed time spent in this place.
 B = Non-inter-level travel time spent in this place.
 C = Inter-level travel time spent in this place.
 D = Time resting spent in this place.
 E = Time spent auto-exploring this place.
 F = Levels seen in this place.
 G = Mean time per level.
                   A        B        C        D        E       F      G
               +--------+--------+--------+--------+--------+-----+--------+
         Total |   6165 |   5942 |    223 |    435 |   4021 |   8 |  770.6 |
       Dungeon |   5356 |   5133 |    223 |    262 |   3630 |   7 |  765.1 |
         Sewer |    808 |    808 |      0 |    173 |    391 |   1 |  808.0 |
               +--------+--------+--------+--------+--------+-----+--------+

Top non-repeatable levels by time:
     D:4: 1124 daAuts
     D:1: 1008 daAuts
     D:3: 968 daAuts
   Sewer: 808 daAuts
     D:6: 806 daAuts
     D:2: 714 daAuts
     D:5: 664 daAuts
     D:7: 68 daAuts
